 Dungeon Crawl Stone Soup version 0.32-a0-131-g9dbbe29261 (webtiles) character file.

Game seed: 11507517327429082857

117 ragingrage the Ruffian (level 4, -4/28 HPs)
             Began as a Demonspawn Shapeshifter on Feb 8, 2024.
             Was a Follower of Ru.
             Slain by a gnoll
             ... wielding a +0 spear
              (5 damage)
             ... on level 2 of the Dungeon.
             The game lasted 00:02:14 (2036 turns).

ragingrage the Ruffian (Demonspawn Shapeshifter)    Turns: 2036, Time: 00:02:14

Health: -4/28      AC: 10    Str: 16    XL:     4   Next: 71%
Magic:  4/4        EV:  4    Int: 10    God:    Ru [*.....]
Gold:   101        SH:  0    Dex: 13    Spells: 3/3 levels left

rFire   + .          .
                       - Unarmed
rCold   . . .        (no shield)
rNeg    . . .        i - +0 plate armour
rPois   .            (helmet currently unavailable)
rElec   .            (cloak currently unavailable)
rCorr   +            (gloves currently unavailable)
SInv    .            (boots currently unavailable)
Will    .....        m - amulet of the acrobat Stlth
                     j - ring of resist corrosion
HPRegen 0.24/turn    r - ring of protection from fire
MPRegen 0.09/turn

%: acrobat
@: beast-form
A: beast (slay +2), hooves 1, frail 1, powered by pain 1
a: Begin Untransformation, Renounce Religion


You were on level 2 of the Dungeon.
You worshipped Ru.
Ru was aware of your devotion.
You were a hulking beast.
You visited 1 branch of the dungeon, and saw 3 of its levels.

You collected 101 gold pieces.

Inventory:

Missiles
 l - 4 poisoned darts (quivered)
Armour
 i - a +0 plate armour (worn)
Jewellery
 j - a ring of resist corrosion (left hand)
 m - an amulet of the acrobat (around neck)
 o - a ring of wizardry
 r - a ring of protection from fire (right hand)
Talismans
 c - a beast talisman
 d - a flux talisman
Scrolls
 e - a scroll of enchant armour {unknown}
 h - a scroll of torment {unknown}
 n - 2 scrolls of identify {unknown}
 q - a scroll of noise {unknown}
 s - a scroll of teleportation {unknown}
Potions
 b - a potion of lignification
 f - a potion of enlightenment {unknown}
 g - a potion of curing {unknown}
 k - a potion of resistance {unknown}
 p - 2 potions of brilliance {unknown}
 t - a potion of degeneration {unknown}


   Skills:
 - Level 1.0 Fighting
 - Level 1.7 Dodging
 + Level 4.1 Unarmed Combat
 - Level 3.7 Shapeshifting


You had 3 spell levels left.
You didn't know any spells.
Your spell library contained the following spells:

 Spells                   Type           Power      Damage    Failure   Level
 Shock                    Conj/Air       0%         1d3       100%        1
 Cigotuvi's Dreadful Rot  Necr/Alch/Air  0%         N/A       100%        2
 Swiftness                Air            0%         N/A       100%        3
 Airstrike                Air            0%         2d(0-16)  100%        4
 Ignite Poison            Fire/Alch      0%         N/A       100%        4
 Freezing Cloud           Conj/Ice/Air   0%         6-21      100%        5


Dungeon Overview and Level Annotations

Branches:
Dungeon (3/15)

Altars:
Ru

Shops:
D:1 =

Annotations:
D:3 1 runed translucent door, MasterT's ghost, amateur MiFi; Sigmund


Innate Abilities, Weirdness & Mutations

You are a hulking beast.
Your limbs bulge with bestial killing power. (Slay +2)
You have large cloven feet.
You are frail. (-10% HP)
You sometimes gain a little power by taking damage.


Message History

The ribbon worm begins to attack, but is stunned by your conviction!
The adder bites you but does no damage.
You miss the adder. The adder bites you but does no damage.
You miss the adder. The adder bites you but does no damage.
You punch the adder!
You kill the adder!
The ribbon worm bites you but does no damage.
You see here an adder corpse.
You punch the ribbon worm!
You kill the ribbon worm!
You start resting.
You open the door.
There is an open door here.
Sigmund the Dreaded comes into view.
He is wielding a +0 scythe.
There is a stone staircase leading up here.
You climb upwards.
There is a stone staircase leading down here.
There is a stone staircase leading down here.
There is a stone staircase leading down here.
You climb downwards.
Level annotation: 1 runed translucent door, MasterT's ghost, amateur MiFi; Sigmund The gnoll shouts! x4
The gnoll hits you but does no damage. The gnoll hits you with a +0 flail!
The gnoll hits you with a +0 halberd.
There is a stone staircase leading up here.
Unknown command.
There are monsters nearby!
The gnoll barely misses you. The gnoll hits you but does no damage.
The gnoll hits you with a +0 halberd!
* * * LOW HITPOINT WARNING * * *
You climb upwards.
There is a stone staircase leading down here.
It was a potion of magic.
Magic courses through your body. The gnoll hits you with a +0 halberd.
* * * LOW HITPOINT WARNING * * *
The gnoll hits you with a +0 flail.
* * * LOW HITPOINT WARNING * * *
The gnoll hits you with a +0 spear.
You die...
Ru respects your ultimate sacrifice.

..# #...[.รท..###############
..# ########.#..........<.#
..##############....##########.#
....................# #.#
#.##########.###..>## #.#
#.###.## #.# #.### #.#
#.##.#.#####.# #.####### #.#
#...###..>...# #gg.....# #.#
####.#.####.## #hg...#.# #.#
##.## #.# #####.#.# #.#
#.#####)# ##.#.## #.# #..#....##
##.....######.## #.....#..#
#..............# ##..#.#.#[#
#......#####.#.# #..#.#.#.##
#.#.#.## #.#.# #.#.#..(#.#
#.#.#.# #...# #..#.#.#.##
#.#.#.## #..##


You could see 3 gnolls.

Vanquished Creatures
  Terence (D:3)
  4 adders
  2 ribbon worms
  2 dart slugs (D:1)
  5 ball pythons
  6 bats
  3 endoplasms
  3 giant cockroaches
  3 goblins
  5 hobgoblins
  5 kobolds
  2 quokkas
  2 frilled lizards
  4 rats
47 creatures vanquished.

Notes
Turn   | Place    | Note
-------+----------+-------------------------------------------
     0 | D:1      | ragingrage the Demonspawn Shapeshifter began the quest for
                  | the Orb.
     0 | D:1      | Reached XP level 1. HP: 15/15 MP: 1/1
   198 | D:1      | Found a faded altar of an unknown god.
   202 | D:1      | Reached skill level 3 in Unarmed Combat
   202 | D:1      | Gained mutation: You sometimes gain a little power by
                  | taking damage. [demonic ancestry]
   202 | D:1      | Reached XP level 2. HP: 19/21 MP: 2/2
   205 | D:1      | Prayed at the altar of an unknown god.
   205 | D:1      | Became a worshipper of Ru the Awakened
   223 | D:1      | Gained mutation: You are frail. (-10% HP) [Ru sacrifice]
   223 | D:1      | Reached * piety under Ru
   247 | D:1      | Found Gienaizi's Jewellery Emporium.
   835 | D:2      | Reached XP level 3. HP: 15/23 MP: 3/3
  1297 | D:2      | Gained mutation: You have large cloven feet. [demonic
                  | ancestry]
  1297 | D:2      | Reached XP level 4. HP: 27/28 MP: 4/4
  1532 | D:3      | Noticed Terence
  1547 | D:3      | Killed Terence
  1660 | D:3      | Found a runed translucent door.
  1697 | D:3      | Reached skill level 4 in Unarmed Combat
  1794 | D:3      | Noticed MasterT's ghost (amateur MiFi)
  2007 | D:3      | Noticed Sigmund
  2036 | D:2      | HP: 1/28 [gnoll/+0 flail (6)]
  2036 | D:2      | Slain by a gnoll

Illustrated notes

Levels and vault maps discovered:
D:1:      dpeg_arrival_lava_temple_mockup, layout_loops_ring,
          shapermc_ecumenical_altar_mp_ritualfount, serial_shops, shop
D:2:      layout_loops_ring, minmay_tiny_reverse_x
D:3:      layout_basic, gammafunk_ghost_grave, uniq_sigmund, uniq_terence

Skill      XL: |  1  2  3  4 |
---------------+-------------+-----
Unarmed Combat | 3 4 |  4.1
Shapeshifting  | 3 |  3.7
Fighting       | |  1.0
Dodging        | |  1.7

Action                     |  1- 3 |  4- 6 || total
---------------------------+-------+-------++-------
  Melee: Unarmed           |    99 |    31 ||   130
         Punch             |     1 |       ||     1
         Kick              |       |     9 ||     9
  Throw: Dart              |       |     3 ||     3
 Invoke: Sacrifice Health  |     1 |       ||     1
    Use: Potion            |       |     1 ||     1
 Armour: Plate armour      |    77 |    27 ||   104
         Animal skin       |     1 |       ||     1
  Dodge: Dodged            |    23 |    13 ||    36

Table legend: (Time is in decaauts)
 A = Elapsed time spent in this place.
 B = Non-inter-level travel time spent in this place.
 C = Inter-level travel time spent in this place.
 D = Time resting spent in this place.
 E = Time spent auto-exploring this place.
 F = Levels seen in this place.
 G = Mean time per level.
                   A        B        C        D        E       F      G
               +--------+--------+--------+--------+--------+-----+--------+
         Total |   2026 |   1947 |     79 |     47 |   1506 |   3 |  675.3 |
       Dungeon |   2026 |   1947 |     79 |     47 |   1506 |   3 |  675.3 |
               +--------+--------+--------+--------+--------+-----+--------+

Top non-repeatable levels by time:
     D:2: 794 daAuts
     D:1: 745 daAuts
     D:3: 486 daAuts
